TOP OF THE 1ST |
Vista Panthers batting - Pitching for Houston Marshals : LHP Stan Aldridge
|
Pitching: LHP Stan Aldridge
|
|
Batting: RHB Justin Burgess
|
0-0: Called Strike 0-1: Ball 1-1: Ball 2-1: Called Strike 2-2: Ball 3-2: Fly out, F9 (Flyball, 9S)
|
Batting: RHB Alfredo Rivera
|
0-0: Ball 1-0: Ball 2-0: Ball 3-0: Base on Balls
|
Batting: LHB Dante Owens
|
0-0: Called Strike 0-1: Fielders Choice at 2nd, 1-6 (Groundball, 13S)
|
Batting: SHB Mark Wells
|
0-0: Foul Ball, location: 2F 0-1: Ground out 4-3 (Groundball, 4S)
|
Top of the 1st over - 0 run(s), 0 hit(s), 0 error(s), 1 left on base; Vista 0 - Houston 0 |
BOTTOM OF THE 1ST |
Houston Marshals batting - Pitching for Vista Panthers : RHP Riley Johnston
|
Pitching: RHP Riley Johnston
|
|
Batting: LHB John Peterson
|
0-0: Swinging Strike 0-1: Foul Ball, location: 2F 0-2: Ground out 4-3 (Groundball, 4)
|
Batting: SHB Ramón Lugo
|
0-0: Swinging Strike 0-1: Fly out, F9 (Flyball, 9)
|
Batting: RHB Chris Parker
|
0-0: Ball 1-0: SINGLE (Groundball, 6MD)
|
Batting: LHB José Rodríguez
|
0-0: Fly out, F8 (Flyball, 8RXD)
|
Bottom of the 1st over - 0 run(s), 1 hit(s), 0 error(s), 1 left on base; Vista 0 - Houston 0 |
TOP OF THE 2ND |
Vista Panthers batting - Pitching for Houston Marshals : LHP Stan Aldridge
|
Batting: LHB Juan Cortés
|
0-0: SINGLE (Flyball, 7S)
|
Batting: RHB Salvador Salas
|
0-0: Called Strike Juan Cortés steals 2nd base 0-1: Ball 1-1: Fly out, F6 (Popup, 6D)
|
Batting: RHB Cisco Gatán
|
0-0: Ball 1-0: Ball 2-0: Foul Ball, location: 2F 2-1: Ball 3-1: Foul Ball, location: 2F 3-2: Foul Ball, location: 2F 3-2: SINGLE (Groundball, 56D) Juan Cortés to third Runner from 3rd tries for Home, SAFE, throw made home Cisco Gatán to second
|
Batting: LHB Bob Cunningham
|
0-0: Foul Ball, location: 2F 0-1: Ball 1-1: Ball 2-1: Fly out, F9 (Flyball, 9)
|
Batting: RHB António López
|
0-0: Ground out 3-1 (Groundball, 34)
|
Top of the 2nd over - 1 run(s), 2 hit(s), 0 error(s), 1 left on base; Vista 1 - Houston 0 |
BOTTOM OF THE 2ND |
Houston Marshals batting - Pitching for Vista Panthers : RHP Riley Johnston
|
Batting: LHB Lewis Barr
|
0-0: Ground out 4-3 (Groundball, 4)
|
Batting: LHB Kent MacDulothe
|
0-0: Ball 1-0: Foul Ball, location: 2F 1-1: Ball 2-1: Fly out, F8 (Flyball, 8RD)
|
Batting: SHB Juan Gómez
|
0-0: Called Strike 0-1: Called Strike 0-2: Strikes out swinging
|
Bottom of the 2nd over - 0 run(s), 0 hit(s), 0 error(s), 0 left on base; Vista 1 - Houston 0 |
TOP OF THE 3RD |
Vista Panthers batting - Pitching for Houston Marshals : LHP Stan Aldridge
|
Batting: RHB Justin Burgess
|
0-0: Swinging Strike 0-1: Ball 1-1: Foul Ball, location: 2F 1-2: Ball 2-2: Strikes out swinging
|
Batting: RHB Alfredo Rivera
|
0-0: Ball 1-0: Ball 2-0: Ball 3-0: Base on Balls
|
Batting: LHB Dante Owens
|
0-0: Ground out 4-3 (Groundball, 4S) Alfredo Rivera to second
|
Batting: SHB Mark Wells
|
0-0: Ball 1-0: Called Strike 1-1: Foul Ball, location: 2F 1-2: Strikes out swinging
|
Top of the 3rd over - 0 run(s), 0 hit(s), 0 error(s), 1 left on base; Vista 1 - Houston 0 |
BOTTOM OF THE 3RD |
Houston Marshals batting - Pitching for Vista Panthers : RHP Riley Johnston
|
Batting: RHB Jim Tracy
|
0-0: Ball 1-0: Called Strike 1-1: Called Strike 1-2: Foul Ball, location: 2F 1-2: Ball 2-2: Ball 3-2: Foul Ball, location: 2F 3-2: Foul Ball, location: 2F 3-2: Foul Ball, location: 2F 3-2: SINGLE (Groundball, 4D)
|
Batting: RHB Alberto Velásquez
|
0-0: Ball 1-0: Foul Ball, location: 2F 1-1: Called Strike 1-2: Ground out 6-3 (Groundball, 56D) Jim Tracy to second
|
Batting: LHB John Peterson
|
0-0: Ball 1-0: Ball 2-0: Ball 3-0: Base on Balls
|
Batting: SHB Ramón Lugo
|
0-0: Called Strike 0-1: Fly out, F4 (Popup, 34)
|
Batting: RHB Chris Parker
|
0-0: Swinging Strike 0-1: Ball 1-1: Fielders Choice at 2nd, 5-4 (Groundball, 56)
|
Bottom of the 3rd over - 0 run(s), 1 hit(s), 0 error(s), 1 left on base; Vista 1 - Houston 0 |
TOP OF THE 4TH |
Vista Panthers batting - Pitching for Houston Marshals : LHP Stan Aldridge
|
Batting: LHB Juan Cortés
|
0-0: Called Strike 0-1: Ball 1-1: Ball 2-1: Fly out, F2 (Popup, 5S)
|
Batting: RHB Salvador Salas
|
0-0: Ground out 5-3 (Groundball, 56)
|
Batting: RHB Cisco Gatán
|
0-0: Foul Ball, location: 2F 0-1: Called Strike 0-2: SINGLE (Groundball, 6MD)
|
Batting: LHB Bob Cunningham
|
0-0: Ball 1-0: Ball 2-0: Ball 3-0: Called Strike 3-1: Foul Ball, location: 2F 3-2: SINGLE (Flyball, 78S) Cisco Gatán to second Cisco Gatán to third
|
Batting: RHB António López
|
0-0: Ball 1-0: Foul Ball, location: 2F 1-1: Swinging Strike 1-2: Foul Ball, location: 2F 1-2: Ground out 5-3 (Groundball, 56S)
|
Top of the 4th over - 0 run(s), 2 hit(s), 0 error(s), 2 left on base; Vista 1 - Houston 0 |
BOTTOM OF THE 4TH |
Houston Marshals batting - Pitching for Vista Panthers : RHP Riley Johnston
|
Batting: LHB José Rodríguez
|
0-0: Fly out, F7 (Flyball, 78M)
|
Batting: LHB Lewis Barr
|
0-0: SINGLE (Line Drive, 7S)
|
Batting: LHB Kent MacDulothe
|
0-0: Ball 1-0: Ball 2-0: Ball 3-0: Base on Balls Lewis Barr to second
|
Batting: SHB Juan Gómez
|
0-0: Foul Ball, location: 2F 0-1: Ball 1-1: Swinging Strike 1-2: Ball 2-2: Ball 3-2: Foul Ball, location: 2F 3-2: Fly out, F5 (Popup, 56)
|
Batting: RHB Jim Tracy
|
0-0: Swinging Strike 0-1: Ball 1-1: Ball 2-1: Called Strike 2-2: Ball 3-2: Base on Balls Lewis Barr to third Kent MacDulothe to second
|
Batting: RHB Alberto Velásquez
|
0-0: Foul Ball, location: 2F 0-1: Fielders Choice at 2nd, 4-6 (Groundball, 4)
|
Bottom of the 4th over - 0 run(s), 1 hit(s), 0 error(s), 2 left on base; Vista 1 - Houston 0 |
TOP OF THE 5TH |
Vista Panthers batting - Pitching for Houston Marshals : LHP Stan Aldridge
|
Batting: RHB Justin Burgess
|
0-0: Ball 1-0: Foul Ball, location: 2F 1-1: Swinging Strike 1-2: SINGLE (Groundball, 6MD)
|
Batting: RHB Alfredo Rivera
|
0-0: Foul Ball, location: 2F 0-1: Ground out 5-3 (Groundball, 5S) Justin Burgess to second
|
Batting: LHB Dante Owens
|
0-0: Swinging Strike 0-1: Fly out, F9 (Flyball, 9LS)
|
Batting: SHB Mark Wells
|
0-0: Ball 1-0: Foul Ball, location: 2F 1-1: Ball 2-1: Fly out, F8 (Flyball, 8LD)
|
Top of the 5th over - 0 run(s), 1 hit(s), 0 error(s), 1 left on base; Vista 1 - Houston 0 |
BOTTOM OF THE 5TH |
Houston Marshals batting - Pitching for Vista Panthers : RHP Riley Johnston
|
Batting: LHB John Peterson
|
0-0: Ball 1-0: Called Strike 1-1: Called Strike 1-2: Ball 2-2: Fly out, F7 (Flyball, 7LMF)
|
Batting: SHB Ramón Lugo
|
0-0: Ball 1-0: Called Strike 1-1: Foul Ball, location: 2F 1-2: Strikes out swinging
|
Batting: RHB Chris Parker
|
0-0: Ball 1-0: Fly out, F7 (Flyball, 78S)
|
Bottom of the 5th over - 0 run(s), 0 hit(s), 0 error(s), 0 left on base; Vista 1 - Houston 0 |
TOP OF THE 6TH |
Vista Panthers batting - Pitching for Houston Marshals : LHP Stan Aldridge
|
Batting: LHB Juan Cortés
|
0-0: Foul Ball, location: 2F 0-1: Ball 1-1: Swinging Strike 1-2: Ball 2-2: Ground out U3 (Groundball, 34)
|
Batting: RHB Salvador Salas
|
0-0: Ball 1-0: Foul Ball, location: 2F 1-1: Ball 2-1: Ground out 4-3 (Groundball, 4)
|
Batting: RHB Cisco Gatán
|
0-0: Called Strike 0-1: Ball 1-1: Foul Ball, location: 2F 1-2: Ball 2-2: Ball 3-2: Foul Ball, location: 2F 3-2: Ground out 4-3 (Groundball, 4M)
|
Top of the 6th over - 0 run(s), 0 hit(s), 0 error(s), 0 left on base; Vista 1 - Houston 0 |
BOTTOM OF THE 6TH |
Houston Marshals batting - Pitching for Vista Panthers : RHP Riley Johnston
|
Batting: LHB José Rodríguez
|
0-0: Swinging Strike 0-1: Ball 1-1: Called Strike 1-2: Strikes out looking
|
Batting: LHB Lewis Barr
|
0-0: Called Strike 0-1: SINGLE (Groundball, 34S) (infield hit)
|
Batting: LHB Kent MacDulothe
|
0-0: Called Strike 0-1: Ball 1-1: Fly out, F6 (Popup, 6)
|
Batting: SHB Juan Gómez
|
0-0: Foul Ball, location: 2F 0-1: Ball 1-1: Ball 2-1: Ball 3-1: 2-RUN HOME RUN (Flyball, 9D), Distance : 364 ft
|
Batting: RHB Jim Tracy
|
0-0: Ground out 6-3 (Groundball, 56)
|
Bottom of the 6th over - 2 run(s), 2 hit(s), 0 error(s), 0 left on base; Vista 1 - Houston 2 |
TOP OF THE 7TH |
Vista Panthers batting - Pitching for Houston Marshals : LHP Stan Aldridge
|
Batting: LHB Bob Cunningham
|
0-0: Ball 1-0: Ground out 3-1 (Groundball, 34)
|
Batting: RHB António López
|
0-0: Called Strike 0-1: Ball 1-1: DOUBLE (Groundball, 5L)
|
Batting: RHB Justin Burgess
|
0-0: DOUBLE (Line Drive, 7LM) António López scores
|
Batting: RHB Alfredo Rivera
|
0-0: Intentional Walk
|
Pitching: RHP Jim Daniel
|
|
Batting: LHB Dante Owens
|
0-0: Ball 1-0: Called Strike 1-1: Fly out, F8 (Flyball, 8RXD) Runner from 2nd tags up, SAFE at 3rd, no throw
|
Batting: SHB Mark Wells
|
0-0: Ball 1-0: Swinging Strike 1-1: Swinging Strike 1-2: Ball 2-2: Strikes out swinging
|
Top of the 7th over - 1 run(s), 2 hit(s), 0 error(s), 2 left on base; Vista 2 - Houston 2 |
BOTTOM OF THE 7TH |
Houston Marshals batting - Pitching for Vista Panthers : RHP Riley Johnston
|
Batting: RHB Alberto Velásquez
|
0-0: Called Strike 0-1: Ball 1-1: SINGLE (Line Drive, 6D)
|
Batting: LHB John Peterson
|
0-0: Ball 1-0: Ball Alberto Velásquez is caught stealing 2nd base 2-0: Ball 3-0: Fly out, F9 (Flyball, 9)
|
Batting: SHB Ramón Lugo
|
0-0: Ball 1-0: Foul Ball, location: 2F 1-1: Ball 2-1: Ball 3-1: Base on Balls
|
Pitching: RHP Alonso Gallardo
|
|
Batting: RHB Chris Parker
|
0-0: Ball 1-0: Foul Ball, location: 2F 1-1: SINGLE (Groundball, 4MD) Ramón Lugo to second
|
Pitching: LHP Enrique Muñóz
|
|
Batting: LHB José Rodríguez
|
0-0: Foul Ball, location: 2F 0-1: Ball 1-1: Foul Ball, location: 2F 1-2: Ball 2-2: Foul Ball, location: 2F 2-2: Foul Ball, location: 2F 2-2: Foul Ball, location: 2F 2-2: Strikes out swinging
|
Bottom of the 7th over - 0 run(s), 2 hit(s), 0 error(s), 2 left on base; Vista 2 - Houston 2 |
TOP OF THE 8TH |
Vista Panthers batting - Pitching for Houston Marshals : RHP Jim Daniel
|
Batting: LHB Juan Cortés
|
0-0: Ball 1-0: Ball 2-0: Ball 3-0: Called Strike 3-1: TRIPLE (Flyball, 78XD)
|
Pinch Hitting: LHB Brent Alonzo
|
0-0: Called Strike 0-1: Fly out, F7 (Line Drive, 78M)
|
Batting: RHB Cisco Gatán
|
0-0: Called Strike 0-1: Fly out, F8 (Line Drive, 8LXD) Runner from 3rd tags up, SCORES, no throw
|
Pitching: LHP Alfonso Ramos
|
|
Batting: LHB Bob Cunningham
|
0-0: Ball 1-0: Called Strike 1-1: Swinging Strike 1-2: Ball 2-2: Ball 3-2: Ground out 6-3 (Groundball, 6M)
|
Top of the 8th over - 1 run(s), 1 hit(s), 0 error(s), 0 left on base; Vista 3 - Houston 2 |
BOTTOM OF THE 8TH |
Houston Marshals batting - Pitching for Vista Panthers : LHP Enrique Muñóz
|
Now at 2B: Brent Alonzo
|
|
Now in LF: Phil Matthews
|
|
Batting: LHB Lewis Barr
|
0-0: Called Strike 0-1: Called Strike 0-2: Reached on error, E4 (Groundball, 34)
|
Pitching: RHP Yajirobei Endo
|
|
Batting: LHB Kent MacDulothe
|
0-0: Bunted foul 0-1: Bunted foul 0-2: 2-RUN HOME RUN (Flyball, 89XD), Distance : 392 ft
|
Pitching: RHP David Simpson
|
|
Batting: SHB Juan Gómez
|
0-0: Called Strike 0-1: Ball 1-1: Ball 2-1: Ground out 1-3 (Groundball, 13S)
|
Batting: RHB Jim Tracy
|
0-0: Foul Ball, location: 2F 0-1: Ball 1-1: Foul Ball, location: 2F 1-2: Foul Ball, location: 2F 1-2: Ball 2-2: Foul Ball, location: 2F 2-2: Ground out 5-3 (Groundball, 5)
|
Batting: RHB Alberto Velásquez
|
0-0: Called Strike 0-1: Called Strike 0-2: Foul Ball, location: 2F 0-2: Foul Ball, location: 2F 0-2: Ball 1-2: Strikes out looking
|
Bottom of the 8th over - 2 run(s), 1 hit(s), 1 error(s), 0 left on base; Vista 3 - Houston 4 |
TOP OF THE 9TH |
Vista Panthers batting - Pitching for Houston Marshals : LHP Alfonso Ramos
|
Pitching: RHP Pablo Cabral
|
|
Pinch Hitting: LHB Francisco Marino
|
0-0: Called Strike 0-1: Swinging Strike 0-2: Ground out U3 (Groundball, 3)
|
Batting: RHB Justin Burgess
|
0-0: Foul Ball, location: 2F 0-1: Called Strike 0-2: Ball 1-2: Strikes out swinging
|
Batting: RHB Alfredo Rivera
|
0-0: Swinging Strike 0-1: Ball 1-1: Foul Ball, location: 2F 1-2: Strikes out swinging
|
Top of the 9th over - 0 run(s), 0 hit(s), 0 error(s), 0 left on base; Vista 3 - Houston 4 |
|